 Dungeon Crawl Stone Soup version 0.30.0-17-ge0270778cf (webtiles) character file.

Game seed: 7190557897219707116

139 pigah the Gusty (level 5, -3/31 HPs)
             Began as an Octopode Air Elementalist on May 21, 2023.
             Slain by a phantom (6 damage)
             ... on level 4 of the Dungeon.
             The game lasted 00:05:37 (3002 turns).

pigah the Gusty (Octopode Air Elementalist)         Turns: 3002, Time: 00:05:38

Health: -3/31      AC:  1    Str:  7    XL:     5   Next: 22%
Magic:  1/9        EV: 13    Int: 19    God:
Gold:   302        SH:  0    Dex: 13    Spells: 2/10 levels left

rFire   . . .        (no weapon)
rCold   . . .        (no shield)
rNeg    . . .        (helmet restricted)
rPois   .            m - amulet of the acrobat
rElec   .            (no ring)
rCorr   .            (no ring)
SInv    .            (no ring)
Will    .....        (no ring)
Stlth   +++          (no ring)
HPRegen 0.25/turn    (no ring)
MPRegen 0.11/turn    (no ring)
                     (no ring)

%: acrobat
@: no status effects
A: almost no armour, amphibious, 8 rings, camouflage 1, gelatinous body 1,
(nimble swimmer 1), tentacles
a: no special abilities


You were on level 4 of the Dungeon.
You visited 1 branch of the dungeon, and saw 4 of its levels.

You collected 302 gold pieces.

Inventory:

Jewellery
 m - an amulet of the acrobat (around mantle)
Wands
 j - a wand of flame (17)
 p - a wand of roots (10)
Scrolls
 b - a scroll of amnesia {unknown}
 c - a scroll of magic mapping {unknown}
 d - a scroll of brand weapon {unknown}
 f - a scroll of torment {unknown}
 g - 2 scrolls of vulnerability {unknown}
 h - a scroll of enchant weapon {unknown}
 n - 3 scrolls of identify {unknown}
Potions
 a - a potion of magic
 e - a potion of curing {unknown}
 i - a potion of lignification {unknown}
 k - a potion of brilliance {unknown}
 l - a potion of heal wounds {unknown}
 o - a potion of haste {unknown}
 q - a potion of resistance {unknown}
 r - a potion of cancellation {unknown}
 s - a potion of flight {unknown}
 t - a potion of berserk rage {unknown}
 u - a potion of attraction {unknown}


   Skills:
 + Level 0.1 Fighting
 - Level 2.0 Dodging
 - Level 2.6 Stealth
 + Level 3.2 Spellcasting
 - Level 1.0 Conjurations
 * Level 4.9 Air Magic


You had 2 spell levels left.
You knew the following spells:

 Your Spells              Type           Power      Damage    Failure   Level
a - Shock                 Conj/Air       56%        1d6       4%          1
b - Swiftness             Air            21%        N/A       6%          3
c - Airstrike             Air            10%        2d(2-18)  19%         4

Your spell library contained the following spells:

 Spells                   Type           Power      Damage    Failure   Level
 Static Discharge         Conj/Air       28%        2-4/arc   7%          2
 Magic Dart               Conj           24%        1d4       10%         1
 Searing Ray              Conj           12%        2d4       16%         2
 Fulminant Prism          Conj/Hex       2%         3d5       77%         4


Dungeon Overview and Level Annotations

Branches:
Dungeon (4/15)
 Temple: D:4-7

Altars:

Shops:
D:2 !

Annotations:
D:3 3 runed translucent doors, into's ghost, amateur MiBe


Innate Abilities, Weirdness & Mutations

You cannot wear most types of armour.
You are amphibious.
You can wear up to eight rings at the same time.
Your skin changes colour to match your surroundings (Stealth+).
Your rubbery body absorbs attacks. (AC +1, EV +1)
((You are camouflaged when in or above water. (Stealth+)))
You have tentacles for arms and can constrict up to eight enemies at once.


Message History

Press: ? - help, Q - select action, (/) - cycle Shift-Dir - straight line, f/p - phantom
Aim: a phantom (heavily damaged, 60% to hit)
The zap misses the phantom.
The phantom barely misses you.
Unknown command.
Aiming: Shock (safe; 4% risk of failure)
Press: ? - help, Q - select action, (/) - cycle Shift-Dir - straight line, f/p - phantom
Aim: a phantom (heavily damaged, 60% to hit)
The zap misses the phantom.
The phantom hits you!
The phantom blinks!
You blink.
Unknown command.
The phantom attacks as you move away! The phantom closely misses you.
You don't have enough magic to cast this spell.
You don't have enough magic to cast this spell.
Unknown command.
You closely miss the phantom.
The phantom is heavily damaged.
The phantom closely misses you.
You closely miss the phantom. You squeeze the phantom.
The phantom is severely damaged.
The phantom hits you!
You tentacle-slap the phantom but do no damage.
You squeeze the phantom.
The phantom is almost destroyed.
The phantom barely misses you.
You closely miss the phantom.
The phantom is almost destroyed.
The phantom hits you.
* * * LOW HITPOINT WARNING * * *
The phantom blinks!
You blink.
You closely miss the phantom.
The phantom is almost destroyed.
The phantom hits you.
* * * LOW HITPOINT WARNING * * *
The phantom blinks!
You blink.
You tentacle-slap the phantom.
You squeeze the phantom, but do no damage.
The phantom is almost destroyed.
The phantom hits you.
You die...

.....#...#...#####.......
.....#...##.ยง##..#.....#
.....#...##..##..#.....#
.....#...#.......#.....#
#.......#.....+
#.......'.....#
#.......#.....#
#......W#.....#
###.##.@#....##
####..#....# ....#....#
......#....#
##.##..#....# ## ####


You could see a phantom.

Vanquished Creatures
  3 adders
  3 gnolls (D:4)
  3 dart slugs
  A worm (D:4)
  2 orcs
  4 bats
  3 endoplasms
  5 giant cockroaches
  4 goblins
  4 hobgoblins
  7 jackals
  5 quokkas
  10 ball pythons
  2 frilled lizards
  5 kobolds
  10 rats
71 creatures vanquished.

Notes
Turn   | Place    | Note
-------+----------+-------------------------------------------
     0 | D:1      | pigah the Octopode Air Elementalist began the quest for the
                  | Orb.
     0 | D:1      | Reached XP level 1. HP: 11/11 MP: 3/3
   144 | D:1      | Reached XP level 2. HP: 15/17 MP: 1/5
   553 | D:1      | Reached XP level 3. HP: 21/21 MP: 3/6
   627 | D:1      | Learned a level 3 spell: Swiftness
   632 | D:1      | Reached skill level 4 in Air Magic
  1053 | D:2      | Found Netagaus's Distillery.
  1339 | D:2      | Reached XP level 4. HP: 17/27 MP: 1/7
  1697 | D:2      | Found a faded altar of an unknown god.
  2235 | D:3      | Learned a level 4 spell: Airstrike
  2450 | D:3      | Found a runed translucent gate.
  2450 | D:3      | Found a runed translucent gate.
  2450 | D:3      | Found a runed translucent gate.
  2450 | D:3      | Noticed into's ghost (amateur MiBe)
  2865 | D:4      | Reached XP level 5. HP: 31/31 MP: 2/9
  2982 | D:4      | Noticed a phantom
  3002 | D:4      | Slain by a phantom

Illustrated notes

Levels and vault maps discovered:
D:1:      lightli_arrival_boilingwater, layout_basic
D:2:      minmay_alternating_diamond, layout_basic, serial_shops, shop_coins,
          shapermc_ecumenical_altar_pompeii
D:3:      layout_rooms, gammafunk_ghost_necromancy, serial_bayou,
          serial_bayou_pond_a, serial_bayou_pond_c, serial_bayou_lagoon_b,
          serial_bayou_shore_b
D:4:      layout_gridville, serial_shops, nicolae_shop_getting_attention,
          uniq_blork_the_orc, uniq_ijyb, uniq_natasha

Skill      XL: |  1  2  3  4 |
---------------+-------------+-----
Air Magic      | 4 |  4.9
Spellcasting   | 3 |  3.2
Fighting       | |  0.1
Dodging        | |  2.0
Stealth        | |  2.6
Conjurations   | |  1.0

Action                     |  1- 3 |  4- 6 || total
---------------------------+-------+-------++-------
  Melee: Unarmed           |    38 |    21 ||    59
         Constrict         |    12 |     5 ||    17
         Tentacles         |     6 |     6 ||    12
   Cast: Shock             |    49 |    73 ||   122
   Stab: Sleeping          |     1 |       ||     1
 Armour: Skin              |    10 |     1 ||    11
  Dodge: Dodged            |    39 |    15 ||    54
